← All builds
Air / Cortex / Economy first / OBSERVED BUILD

Standard air

The usual Cortex air game: Aircraft Plant just after the start, Advanced Metal Extractor around 7 minutes and Fusion Reactor around 11 minutes, making transports and fighters for the team while scaling economy normally.

Usually transports first (73%)

#eco #team support #air · 525 distinct matches · 115 players · 79% of Cortex Air games · team won 47% of 590 · Recently observed

HOW TO PLAY IT

Key timing: Aircraft Plant by 1:23

  1. Take 3 mex and open straight into Aircraft Plant.
  2. Finish Aircraft Plant, start pumping Valiant for escort duty.
  3. Get T2 constructor going to scale eco alongside air production.
  4. Add Advanced Metal Extractor to keep pace with team's economy.
  5. Bring Fusion Reactor online, keep making Hercules and Finch for allies.

Phase by phase

TYPICAL OF ITS 525 GAMES
  1. 1
  2. 2
  3. 3
PLAY THE OPENING

Follow the example game's first 6:00 step by step: what to build now, what comes next, and where it goes. At 1× it keeps pace with your own game.

  1. 1

    Up to the Aircraft Plant

    Economy
    • Metal Extractor3Mex
    • Wind Turbine4Wind
    Order
    1. Aircraft PlantAircraft Plant after 3 mex, 4 winddone ~1:21, middle half 1:13–1:34

    Some games also: energy storage (37%)

    By 1:02 in all: 3 mex · 4 wind

    The example game in this phase · 4 steps
    1. Mex ×4
    2. Wind ×2
    3. Energy storage
    4. Aircraft PlantAircraft Plantdone 1:57 · typical 1:21
  2. 2

    Aircraft Plant to 5:00

    Economy
    • Metal Extractor1Mex
    • Wind Turbine9Wind
    • Wind Turbine3Wind
    Builders
    • Construction Turret2 Con turret
    • Construction Aircraft1 Con aircraft
    Army
    • Valiant5 Valiant
    • Finch2 Finch for allies
    • Hercules2 Light transport for allies
    • Shuriken1 Shuriken
    • Hephaestus1 Heavy transport for allies

    Some games also: energy storage (46%) · light transport (44%) · converter (39%) · con turret (33%)

    By 5:00 in all: 3 mex · 1 mex · 13 wind · 3 wind · 1 energy storage · 2 con turret

    The example game in this phase · 28 steps
    1. Wind ×2
    2. HephaestusHeavy transportfor Beach sea
    3. Wind
    4. Solar
    5. FinchFinchfor Beach sea
    6. HerculesLight transportfor Geo sea
    7. FinchFinchfor Geo sea
    8. FinchFinch
    9. ValiantValiant ×2
    10. Con turret
    11. Construction AircraftCon aircraft
    12. Con turret ×3
    13. Wind
    14. HerculesLight transportfor Tech
    15. Wind
    16. HerculesLight transportfor Beach sea
    17. Wind
    18. HerculesLight transport
    19. Wind ×2
    20. ValiantValiant
    21. Wind
    22. ValiantValiant
    23. Wind
    24. ValiantValiant ×2
    25. Wind ×3
    26. Converter
    27. Wind
    28. Converter
  3. 3

    5:00 to 10:00

    Economy
    • Wind Turbine20Wind
    • Wind Turbine5Wind
    • Energy Converter6Converter
    Order
    1. Aircraft PlantAircraft Plant after 18 wind, 17 wind, 6 converterin 58% of games
    Builders
    • Construction Turret4 Con turret
    Army
    • Valiant9 Valiant
    • Shuriken1 Shuriken

    Some games also: con aircraft (36%) · fusion (32%) · light transport (31%)

    By 10:00 in all: 3 mex · 1 mex · 24 wind · 20 wind · 8 converter · 1 energy storage

    The example game in this phase · 395 steps
    1. Converter
    2. Con turret
    3. Wind ×2
    4. Advanced Metal ExtractorT2 mexdone 5:44 · typical 6:50
    5. Wind ×3
    6. Advanced Metal ExtractorT2 mex
    7. Wind ×6
    8. Advanced Metal ExtractorT2 mex ×2
    9. Bot LabBot Labdone 6:43
    10. Construction BotCon bot ×11
    11. Wind
    12. Construction BotCon bot
    13. Wind
    14. Construction BotCon bot
    15. Wind ×3
    16. Construction BotCon bot
    17. Wind ×3
    18. Construction BotCon bot
    19. Wind ×11
    20. Con turret
    21. Wind ×4
    22. Con turret
    23. Wind ×2
    24. Con turret
    25. Wind ×6
    26. Converter
    27. Con turret
    28. Wind ×5
    29. Aircraft PlantAircraft Plantdone 8:48
    30. Wind ×4
    31. Converter
    32. Wind ×5
    33. Converter
    34. Wind ×2
    35. Converter
    36. Wind ×4
    37. Converter
    38. Wind ×2
    39. Converter
    40. Wind ×4
    41. Converter
    42. Wind ×4
    43. Converter
    44. Wind ×2
    45. Converter
    46. ValiantValiant
    47. Wind ×5
    48. Converter
    49. ValiantValiant
    50. Wind ×2
    51. ValiantValiant
    52. Wind
    53. Converter
    54. Wind ×3
    55. ValiantValiant
    56. Converter
    57. Wind ×2
    58. Converter
    59. Wind ×2
    60. ValiantValiant
    61. Converter
    62. Wind ×2
    63. Converter
    64. Wind
    65. ValiantValiant
    66. Wind
    67. Converter
    68. Wind ×3
    69. ValiantValiant
    70. Converter
    71. Wind ×4
    72. ValiantValiant
    73. Wind
    74. Converter
    75. Wind
    76. ValiantValiant
    77. Wind
    78. Converter
    79. Wind ×3
    80. Converter
    81. ValiantValiant
    82. Wind ×3
    83. Converter
    84. Wind
    85. ValiantValiant
    86. Wind ×2
    87. Converter
    88. Wind
    89. ValiantValiant
    90. Wind ×2
    91. Converter
    92. Wind ×3
    93. Converter
    94. ValiantValiant
    95. Wind ×5
    96. ValiantValiant
    97. Wind ×4
    98. ValiantValiant
    99. Wind ×2
    100. ValiantValiant
    101. Wind ×2
    102. ValiantValiant
    103. Wind ×3
    104. Converter
    105. ValiantValiant
    106. Wind ×5
    107. Converter
    108. ValiantValiant
    109. Wind ×2
    110. ValiantValiant
    111. Converter
    112. Wind ×4
    113. FinchFinch
    114. Converter
    115. FinchFinch
    116. Wind ×2
    117. Converter
    118. Wind
    119. FinchFinch
    120. Wind ×2
    121. FinchFinch
    122. Converter
    123. Wind ×2
    124. ValiantValiant
    125. Converter
    126. Wind ×2
    127. Converter
    128. Wind
    129. ValiantValiant
    130. Converter
    131. Wind ×2
    132. ValiantValiant
    133. Wind ×2
    134. Converter
    135. Wind
    136. ValiantValiant
    137. Wind ×3
    138. ValiantValiant
    139. Wind
    140. Converter
    141. Wind
    142. ValiantValiant
    143. Converter
    144. Wind ×4
    145. ValiantValiant
    146. Converter
    147. Wind
    148. ValiantValiant
    149. Wind ×2
    150. Converter
    151. ValiantValiant
    152. Wind ×2
    153. Converter
    154. Wind ×2
    155. ValiantValiant
    156. Wind ×2
    157. Converter
    158. Con turret
    159. Converter
    160. Wind ×6
    161. Con turret
    162. Converter
    163. Wind ×3
    164. ValiantValiant
    165. Converter
    166. Wind
    167. Con turret
    168. Wind ×3
    169. Converter
    170. Wind ×5
    171. Con turret
    172. Wind
    173. ValiantValiant
    174. Converter
    175. Wind ×5
    176. Con turret
    177. Converter
    178. Wind ×4
    179. Converter
    180. Wind
    181. ValiantValiant
    182. Wind ×2
    183. ValiantValiant
    184. Wind ×4
    185. ValiantValiant
    186. Wind ×2
    187. ValiantValiant
    188. Wind ×3
    189. ValiantValiant
    190. Wind ×4
    191. ValiantValiant
    192. Wind ×3
    193. ValiantValiant
    194. Wind ×2
    195. ValiantValiant
    196. Wind ×3
    197. Converter
    198. ValiantValiant
    199. Wind ×2
    200. ValiantValiant
    201. Wind
    202. Converter
    203. Wind
    204. ValiantValiant
    205. Wind ×4
    206. ValiantValiant
    207. Wind
    208. Converter
    209. Wind
    210. ValiantValiant
    211. Wind ×2
    212. ValiantValiant
    213. Wind ×2
    214. ValiantValiant
    215. Wind
    216. Converter
    217. Wind ×2
    218. ValiantValiant
    219. Wind ×2
    220. ValiantValiant
    221. Wind ×3
    222. Converter
    223. ValiantValiant
    224. Wind
    225. ValiantValiant
    226. Wind ×3
    227. Converter
    228. Wind
    229. ValiantValiant
    230. Wind ×2
    231. HerculesLight transport
    232. Wind
    233. Converter
    234. Wind ×3
    235. ValiantValiant
    236. Wind
    237. Converter
    238. Wind
    239. ValiantValiant
    240. Wind ×2
    241. Converter
    242. ShurikenShuriken
    243. Wind ×4
    244. ShurikenShuriken
    245. Wind
    246. ShurikenShuriken ×2
    247. Wind ×2
    248. Converter
    249. ShurikenShuriken
    250. Wind ×2
    251. ShurikenShuriken
    252. Wind ×2
    253. Converter
    254. ShurikenShuriken
    255. Con turret
    256. Wind ×3
    257. Converter
    258. Wind
    259. Con turret
    260. ShurikenShuriken
    261. Wind ×2
    262. Converter
    263. Wind ×2
    264. ShurikenShuriken
    265. Con turret
    266. Converter
    267. Wind ×4
    268. Con turret
    269. ShurikenShuriken
    270. Wind ×4
    271. Converter
    272. ShurikenShuriken
    273. Wind
    274. ShurikenShuriken
    275. Wind
    276. Converter
    277. ShurikenShuriken
    278. Wind ×2
    279. ShurikenShuriken ×2
    280. Wind
    281. Converter
    282. Wind
    283. ShurikenShuriken
    284. Wind
    285. ShurikenShuriken
    286. Wind
    287. Converter
    288. ShurikenShuriken
    289. Wind ×2
    290. ShurikenShuriken ×2
    291. Con turret
    292. Wind ×3
    293. Converter
    294. Wind
    295. ShurikenShuriken
    296. Con turret
    297. Wind
    298. ShurikenShuriken
    299. Wind ×2
    300. Converter
    301. Con turret
    302. Wind ×2
    303. ShurikenShuriken
    304. Wind ×2
    305. Converter
    306. ShurikenShuriken
    307. Con turret
    308. ShurikenShuriken
    309. Wind ×3
    310. Converter
    311. Wind ×2
    312. ValiantValiant
    313. Wind
    314. ValiantValiant
    315. Wind
    316. ValiantValiant
    317. Wind ×2
    318. Converter
    319. Wind
    320. ValiantValiant
    321. Wind ×2
    322. ValiantValiant
    323. Converter
    324. ValiantValiant
    325. Wind
    326. ValiantValiant
    327. Wind
    328. ValiantValiant
    329. Wind
    330. Converter
    331. Wind ×2
    332. ValiantValiant
    333. Wind
    334. ValiantValiant
    335. Wind
    336. ValiantValiant
    337. Converter
    338. ValiantValiant
    339. Wind ×4
    340. ValiantValiant
    341. Wind
    342. ValiantValiant
    343. Converter
    344. Wind
    345. ValiantValiant
    346. Wind ×2
    347. Converter
    348. Wind
    349. ValiantValiant
    350. Wind
    351. Converter
    352. Wind
    353. ValiantValiant
    354. Wind
    355. ValiantValiant
    356. Converter
    357. Wind
    358. ValiantValiant
    359. Wind ×2
    360. ValiantValiant
    361. Wind
    362. ValiantValiant
    363. Wind
    364. ValiantValiant
    365. Wind
    366. ValiantValiant
    367. Converter
    368. ValiantValiant
    369. Wind ×2
    370. ValiantValiant
    371. Wind ×2
    372. Converter
    373. ValiantValiant ×3
    374. Wind
    375. Converter
    376. ValiantValiant
    377. Wind ×2
    378. ValiantValiant
    379. Wind
    380. ValiantValiant ×3
    381. Converter
    382. ValiantValiant
    383. Wind ×2
    384. ValiantValiant
    385. Wind
    386. ValiantValiant
    387. Converter
    388. ValiantValiant ×2
    389. Wind
    390. ValiantValiant
    391. Wind ×2
    392. ValiantValiant ×2
    393. Wind
    394. Advanced Fusion ReactorAdvanced Fusion Reactornot finished by 15:00
    395. Wind ×3

Counts are medians over the build's games: half of them build more, half fewer. The example game is Crazydogg's (37 OS, 27/09/2026); pick another.

Team trades

IN AT LEAST 30% OF ITS GAMES

You hand over

  • Finch2 Finch to Geo sea or Beach seafirst at 1:51 · in 96% of games
  • Hercules3 Light transport to Tech or Geo sea or Geofirst at 2:05 · in 99% of games
  • Hephaestus1 Heavy transport to Beach sea or Pond or Techfirst at 2:25 · in 75% of games

You get

  • Wind Turbine3 Wind from Beach sea or Geo seafirst at 1:39 · in 66% of games
  • Wind Turbine3 Wind from Beach sea or Geo sea or Pondfirst at 1:44 · in 48% of games
  • Construction Bot1 Con bot from Techfirst at 2:20 · in 84% of games
  • Advanced Construction Bot1 T2 con bot from Techfirst at 6:04 · in 94% of games

How it plays out

Typical game of this build, running totals by minute

Metal produced

010k20k30k
0:005:0010:0015:00

metal

Enemy metal destroyed

01k2k3k
0:005:0010:0015:00

metal

Own metal lost

01k2k3k
0:005:0010:0015:00

metal

590 games.

Show as table
ByMetal produced: This buildEnemy metal destroyed: This buildOwn metal lost: This build
1:0039300
2:0092400
3:00145800
4:002050051
5:00276373102
6:003766125150
7:005129176219
8:007014219285
9:009298248341
10:0011788315470
11:0014397439639
12:0017105603950
13:00199438701236
14:002263713511806
15:002549320022670
WHAT THE NUMBERS SAY

This is the role's standard support job, winning less than half its games while producing little combat impact but reliably feeding transports and scouts to teammates.

  • + Reaches Aircraft Plant almost immediately (1:23), fast T2 constructor by 5:58.
  • + Keeps own losses low (2789 by 15:00) versus other roles.
  • − Destroys only 2027 enemy metal by 15:00, minimal combat contribution.
  • − Fusion Reactor only completes in 57% of games, some games stall on eco.
THE EXAMPLE YOU ARE READING

Crazydogg

37.1 OS · 27/09/2026

Open source match ↗

8 received units · includes a constructor
381 metal received · 56665 energy received

Allied construction assistance is unknown. Timings are observations, not a promise of solo reproducibility.

Typical milestones

Aircraft Plant1:21Middle 50%: 1:13–1:34 · n=590
Advanced Metal Extractor6:50Middle 50%: 6:22–7:27 · n=566
Fusion Reactor10:55Middle 50%: 10:03–12:16 · n=355

Played most by

DRM36games of this buildAdeus32games of this buildCentientWaffle32games of this buildImmort25games of this buildNutzz25games of this build